 Dungeon Crawl Stone Soup version 0.29-a0-330-g52719c12eb (webtiles) character file.

Game seed: 4272131919901234772

0 kae the Firebug (level 1, -2/10 HPs)
             Began as a Tengu Fire Elementalist on Apr 23, 2022.
             Slain by a quokka (4 damage)
             ... on level 1 of the Dungeon.
             The game lasted 00:00:03 (22 turns).

kae the Firebug (Tengu Fire Elementalist)             Turns: 22, Time: 00:00:04

Health: -2/10      AC:  2    Str:  8    XL:     1   Next: 0%
Magic:  4/4        EV: 12    Int: 15    God:
Gold:   0          SH:  0    Dex: 14    Spells: 3/4 levels left

rFire   . . .      SeeInvis .   (no weapon)
rCold   . . .      Faith    .   (no shield)
rNeg    . . .      Spirit   .   a - +0 robe
rPois   .          Reflect  .   (helmet restricted)
rElec   .          Harm     .   (no cloak)
rCorr   .          Rampage  .   (no gloves)
Will    .....                   (boots unavailable)
Stlth   ++........              (no amulet)
HPRegen 0.03/turn               (no ring)
MPRegen 0.09/turn               (no ring)

@: no status effects
A: beak, talons 3
a: no special abilities


You were on level 1 of the Dungeon.
You visited 1 branch of the dungeon, and saw 1 of its levels.

Inventory:

Armour
 a - a +0 robe (worn)
Potions
 b - a potion of magic


   Skills:
 - Level 2.1 Dodging
 - Level 2.0 Stealth
 + Level 2.0 Spellcasting
 + Level 1.3 Conjurations
 * Level 3.2 Fire Magic


You had 3 spell levels left.
You knew the following spells:

 Your Spells              Type           Power      Damage    Failure   Level
a - Foxfire               Conj/Fire      32%        2x1d5     9%          1

Your spell library contained the following spells:

 Spells                   Type           Power      Damage    Failure   Level
 Scorch                   Fire           22%        2d6       9%          2
 Conjure Flame            Conj/Fire      8%         6-21      26%         3
 Inner Flame              Hex/Fire       6%         N/A       34%         3
 Flame Wave               Conj/Fire      8%         2d5       65%         4


Dungeon Overview and Level Annotations

Branches:
Dungeon (1/15)

Altars:


Innate Abilities, Weirdness & Mutations

You have a beak for a mouth.
You have claws for feet.


Message History

The quokka bites the plant.
The plant begins to die.
The quokka bites the plant.
You hit the plant. You claw the plant.
The plant is lightly damaged.
A nearby plant withers and dies.
You hit the plant but do no damage.
The plant is lightly damaged.
A nearby plant withers and dies.
A hobgoblin comes into view.
A nearby plant withers and dies.
You hit the plant but do no damage.
The plant begins to die.
You claw the plant!
The plant is lightly damaged.
The hobgoblin shouts!
The quokka closely misses you.
The hobgoblin hits the plant.
The plant begins to die.
The quokka twitches its whiskers.
The quokka bites you but does no damage.
You hit the plant but do no damage. You claw the plant.
The plant is lightly damaged.
The quokka closely misses you.
The hobgoblin hits the plant.
The plant begins to die.
You hit the plant.
The plant is lightly damaged.
The quokka closely misses you.
The hobgoblin hits the plant.
You hit the plant. You claw the plant. You peck the plant.
The plant is lightly damaged.
The quokka bites you.
The hobgoblin hits the plant.
You hit the plant. You claw the plant. You peck the plant, but do no damage.
The plant is lightly damaged.
A nearby plant withers and dies. x2; The quokka bites you.
The quokka bites you.
* * * LOW HITPOINT WARNING * * *
The quokka bites you but does no damage.
You hit the plant but do no damage.
A nearby plant withers and dies.
The quokka closely misses you.
You hit the plant.
The plant begins to die.
The plant is lightly damaged.
The quokka bites you.
You die... ############### PPPPPPPPPPPPPPP PPPPP..<..PPPPP PPP..PP.PP..PPP PP.PPP...PPP.PP PP.PP.P.P.PP.PP P.PP.PP.PP.PP.P P.P.PPr@.PP.P.P P.P.P.PPP.P.P.P P.P..P.P.PP.P.P P.PP..P.PP.PP.P PP.PP.PPP.PP.PP PP.PPP.g.P.P.PP PPP..PPPP...PPP PPPPP.....PPPPP

You could see a quokka and a hobgoblin.

Vanquished Creatures (collateral kills)
  2 foxfires (D:1)
2 creatures vanquished.

Vanquished Creatures (others)
  7 plants (D:1)
7 creatures vanquished.

Grand Total: 9 creatures vanquished

Notes
Turn   | Place    | Note
-------+----------+-------------------------------------------
     0 | D:1      | kae the Tengu Fire Elementalist began the quest for the
                  | Orb.
     0 | D:1      | Reached XP level 1. HP: 10/10 MP: 4/4
    22 | D:1      | Slain by a quokka

Illustrated notes

Levels and vault maps discovered:
D:1:      roderic_crop_circles_arrival_small, layout_basic, grunt_decor_junction

Action                   || total
-------------------------++-------
Melee: Unarmed           ||    17
       Kick              ||    10
       Peck              ||     3
 Cast: Foxfire           ||     1
Armor: Robe              ||     2
Dodge: Dodged            ||     4

Table legend: (Time is in decaauts)
 A = Elapsed time spent in this place.
 B = Non-inter-level travel time spent in this place.
 C = Inter-level travel time spent in this place.
 D = Time resting spent in this place.
 E = Time spent auto-exploring this place.
 F = Levels seen in this place.
 G = Mean time per level.
                   A        B        C        D        E       F      G
               +--------+--------+--------+--------+--------+-----+--------+
         Total |     22 |     22 |      0 |      0 |      0 |   1 |   22.0 |
       Dungeon |     22 |     22 |      0 |      0 |      0 |   1 |   22.0 |
               +--------+--------+--------+--------+--------+-----+--------+

Top non-repeatable levels by time:
     D:1: 22 daAuts
